Map: Curious Minds LE

Players

Fer - Winner!

  • Race: Protoss Protoss
  • League: Gold

bean

  • Race: Terran Terran
  • League: Platinum

VOD

Have the link to the VOD?

Description

Time

  • Played on: Dec. 22, 2021, 10:07 p.m.
  • Length: 31:24
Show
View Real Time Build Order
Export as new Build Order

Fer Protoss - Winner!

Build Orders: Oracle Opening 

Get SALT Encoding   

  12  0:01  Probe  
  13  0:13  Probe  
  14  0:19  Pylon  
  14  0:25  Probe (Chrono Boost)  
  15  0:36  Probe (Chrono Boost)  
  16  0:43  Gateway  
  16  0:44  Probe  
  16  0:48  Assimilator  
  17  0:56  Probe  
  18  1:08  Probe (Chrono Boost)  
  19  1:21  Probe (Chrono Boost)  
  20  1:29  Probe (Chrono Boost)  
  21  1:46  Probe  
  22  1:47  Nexus  
  22  1:51  Assimilator  
  22  1:57  Cybernetics Core  
  22  2:06  Probe, Pylon  
  23  2:24  Probe  
  24  2:35  Warp Gate  
  24  2:36  Probe (Chrono Boost)  
  24  2:37  Adept, Stargate  
  25  2:42  Shield Battery  
  27  2:48  Probe (Chrono Boost)  
  28  2:54  Gateway  
  28  3:02  Probe  
  28  3:04  Probe  
  30  3:07  Adept, Pylon  
  32  3:17  Pylon  
  32  3:28  Twilight Council  
  32  3:29  Oracle (Chrono Boost)  
  35  3:36  Probe x2  
  35  3:37  Adept  
  39  3:44  Shield Battery  
  39  3:54  Probe (Chrono Boost), Gateway  
  39  3:55  Probe (Chrono Boost)  
  41  4:06  Probe (Chrono Boost)  
  41  4:08  Charge  
  41  4:09  Probe (Chrono Boost)  
  43  4:13  Probe (Chrono Boost)  
  44  4:17  Forge  
  44  4:45  Probe x2  
  46  4:49  Stalker x2  
  46  4:50  Void Ray  
  50  4:55  Pylon  
  50  4:56  Protoss Ground Weapons Level 1  
  50  4:57  Probe x2  
  56  5:04  Gateway  
  56  5:07  Pylon x2  
  56  5:09  Probe (Chrono Boost)  
  56  5:13  Forge  
  57  5:14  Stalker  
  57  5:16  Probe (Chrono Boost)  
  61  5:22  Probe (Chrono Boost)  
  61  5:55  Probe x2, Nexus  
  63  5:58  Pylon  
  63  6:00  Assimilator  
  63  6:02  Zealot, Pylon  
  63  6:03  Zealot x3  
  71  6:06  Assimilator  
  71  6:07  Probe x2  
  71  6:10  Robotics Facility  
  71  6:11  Protoss Ground Armor Level 1 (Chrono Boost)  
  73  6:17  Blink  
  73  6:19  Probe x2  
  75  6:32  Assimilator  
  75  6:36  Assimilator  
  75  6:43  Zealot x4  
  83  6:51  Nexus  
  83  6:55  Pylon  
  83  7:04  Zealot  
  85  7:17  Void Ray  
  86  7:30  Robotics Bay  
  86  7:31  Observer  
  87  7:43  Gateway  
  87  7:47  Zealot x3  
  93  7:56  Pylon  
  93  7:59  Pylon  
  93  8:02  Photon Cannon  
  93  8:08  Stalker  
  93  8:09  Stalker x2  
  99  8:17  Extended Thermal Lance (Chrono Boost)  
  99  8:29  Probe x2 (Chrono Boost)  
  99  8:34  Probe (Chrono Boost)  
  102  8:39  Probe x2 (Chrono Boost)  
  105  8:43  Probe (Chrono Boost)  
  105  8:44  Probe x2 (Chrono Boost), Pylon  
  105  8:46  Protoss Ground Weapons Level 2, Pylon  
  107  8:49  Pylon  
  107  8:51  Pylon  
  107  8:52  Assimilator  
  107  8:53  Probe  
  105  8:57  Assimilator  
  105  9:05  Zealot x4  
  105  9:06  Zealot  
  114  9:19  Colossus  
  114  9:20  Nexus  
  90  9:46  Pylon  
  90  9:48  Zealot x2  
  90  9:49  Zealot  
  96  10:14  Colossus (Chrono Boost)  
  102  10:24  Nexus  
  102  10:26  Pylon  
  102  10:27  Pylon  
  102  10:30  Probe x2, Pylon  
  102  10:34  Stalker x3, Pylon  
  110  10:38  Pylon  
  110  10:42  Probe  
  111  10:49  Probe x2  
  113  10:54  Shield Battery, Probe  
  114  10:57  Shield Battery  
  114  11:00  Assimilator  
  114  11:04  Assimilator  
  110  11:07  Pylon  
  110  11:10  Pylon  
  110  11:11  Zealot x4  
  110  11:12  Zealot  
  113  11:33  Void Ray  
  117  11:46  Stargate  
  117  11:48  Stargate  
  117  11:50  Probe x3  
  117  11:51  Stargate  
  117  11:53  Probe  
  121  12:02  Probe x3  
  121  12:05  Probe  
  121  12:07  Zealot x3  
  121  12:08  Zealot x2  
  133  12:14  Probe x2  
  133  12:15  Probe  
  128  12:18  Probe  
  121  12:26  Probe x2  
  121  12:27  Probe  
  124  12:30  Probe, Void Ray x3  
  137  12:37  Gateway  
  137  12:38  Protoss Ground Armor Level 2, Probe  
  137  12:39  Gateway  
  137  12:42  Gateway  
  137  12:43  Zealot x2  
  142  12:52  Templar Archives  
  142  12:56  Zealot x3  
  148  12:59  Warp Prism  
  150  13:21  Void Ray x3  
  162  13:42  Fleet Beacon  
  162  13:44  Pylon  
  162  13:50  Zealot x5  
  162  13:51  Zealot x3, Pylon  
  178  14:02  Void Ray, Pylon  
  178  14:04  Photon Cannon  
  178  14:07  Photon Cannon  
  178  14:08  Shield Battery  
  182  14:10  Shield Battery  
  182  14:12  High Templar x3  
  182  14:13  Shield Battery  
  182  14:14  High Templar  
  182  14:15  Assimilator  
  190  14:19  Psionic Storm  
  190  14:37  Gateway  
  190  14:55  Pylon  
  190  14:58  Pylon  
  188  15:43  Nexus  
  188  15:49  Carrier (Chrono Boost)  
  194  15:58  Nexus  
  194  16:00  Nexus  
  194  16:05  Pylon  
  194  16:08  Pylon  
  194  16:10  Nexus  
  193  16:23  Carrier  
  193  16:25  Pylon  
  199  16:30  Pylon  
  199  16:34  Pylon  
  199  16:47  Pylon  
  199  16:50  Pylon  
  199  16:55  Pylon  
  199  17:13  Pylon  
  197  17:17  Pylon  
  197  17:20  Pylon  
  197  17:21  Carrier  
  179  17:40  Observer  
  179  17:43  Zealot x5  
  179  17:44  Zealot x4  
  198  17:53  Protoss Ground Armor Level 3 (Chrono Boost), Protoss Ground Weapons Level 3 (Chrono Boost)  
  198  18:09  Photon Cannon  
  198  18:12  Photon Cannon  
  198  18:20  Photon Cannon  
  198  18:32  Pylon  
  198  18:35  Pylon  
  198  18:41  Pylon  
  197  18:43  Shield Battery  
  197  18:47  Shield Battery  
  175  19:04  Zealot x4  
  175  19:05  Zealot  
  175  19:06  Zealot x4  
  189  19:25  Probe  
  189  19:28  Probe  
  191  19:32  Probe  
  191  19:37  Probe  
  193  19:40  Probe  
  193  19:44  Probe  
  195  19:49  Probe  
  194  19:53  Probe  
  194  19:56  Probe  
  196  20:02  Probe  
  196  20:05  Probe  
  192  20:14  Probe, Carrier x2  
  187  20:17  Probe  
  196  20:39  Probe  
  197  20:46  Photon Cannon  
  197  20:48  Photon Cannon  
  197  20:50  Photon Cannon  
  197  20:51  Probe  
  197  20:53  Photon Cannon  
  197  20:55  Shield Battery  
  198  20:58  Shield Battery  
  198  20:59  Shield Battery  
  196  21:04  Shield Battery  
  190  21:25  Assimilator  
  190  21:26  Photon Cannon, Assimilator  
  190  21:28  Photon Cannon  
  190  21:30  Zealot x4, Photon Cannon  
  190  21:31  Zealot  
  200  21:50  Photon Cannon x2  
  200  21:53  Photon Cannon  
  200  21:55  Photon Cannon  
  200  21:57  Pylon  
  200  22:01  Pylon  
  200  22:04  Pylon  
  151  23:00  Zealot  
  151  23:01  Zealot x6  
  151  23:02  Zealot x2  
  169  23:38  Nexus  
  169  23:41  Assimilator  
  169  23:45  Assimilator  
  169  23:47  Zealot x5  
  169  23:48  Zealot x4  
  187  24:44  Protoss Shields Level 1  
  187  24:48  Anion Pulse-Crystals  
  187  24:57  Shield Battery  
  185  25:00  Shield Battery  
  185  25:02  Shield Battery  
  169  25:10  Zealot x3  
  169  25:11  Zealot x3  
  169  25:12  Zealot x3  
  179  25:36  Zealot x5  
  179  25:37  Zealot x3  
  179  25:38  Zealot  
  187  25:52  Flux Vanes  
  169  26:09  Zealot  
  169  26:10  Zealot x5  
  169  26:11  Zealot x3  
  185  26:13  Carrier  
  185  26:14  Carrier  
  182  27:03  Pylon x2  
  182  27:05  Pylon  
  182  27:07  Pylon  
  180  27:22  High Templar x3  
  183  27:23  High Templar  
  183  27:24  Zealot  
  186  27:50  Colossus (Chrono Boost)  
  192  28:12  Pylon  
  192  28:15  Pylon  
  192  28:18  Photon Cannon  
  192  28:19  Photon Cannon  
  192  28:22  Photon Cannon  
  192  28:24  Photon Cannon  
  192  28:25  Shield Battery  
  188  28:27  Shield Battery  
  188  28:29  Shield Battery, Unknown  
  188  28:32  Pylon  
  188  28:34  Assimilator  
  173  28:37  Colossus  
  173  28:38  Assimilator  
  179  28:41  Zealot x2  
  179  28:42  Zealot x4  
  179  28:43  Zealot x3  
  187  29:30  Colossus  
  193  29:40  Carrier  
  199  30:23  Nexus  
  199  30:27  Pylon  
  199  30:28  Pylon  
  199  30:33  Pylon  
  199  30:35  Pylon  
  199  30:37  Pylon  
  199  30:38  Pylon x2  
  199  30:40  Pylon  
  199  30:44  Photon Cannon  
  199  30:47  Photon Cannon, Observer  
  200  30:50  Photon Cannon  
  200  30:52  Photon Cannon, Shield Battery  
  200  30:54  Shield Battery  
  200  30:58  Shield Battery  
  200  31:17  Nexus  
  200  31:20  Pylon  
  200  31:23  Pylon  
Show
View Real Time Build Order
Export as new Build Order

bean Terran 

Build Orders:  

Get SALT Encoding   

  12  0:00  SCV  
  13  0:12  SCV  
  14  0:17  Supply Depot  
  14  0:24  SCV  
  15  0:38  SCV  
  16  0:43  Barracks  
  16  0:47  Refinery  
  16  0:50  SCV  
  17  1:02  SCV  
  18  1:15  SCV  
  19  1:39  Barracks Reactor, Orbital Command  
  19  1:44  Command Center  
  19  2:08  SCV  
  20  2:15  Marine x2  
  22  2:27  SCV  
  22  2:28  Supply Depot  
  23  2:41  Barracks  
  23  2:42  Refinery  
  23  2:43  Barracks  
  23  2:50  Marine x2, SCV  
  26  2:58  Orbital Command  
  26  3:02  SCV  
  27  3:12  Marine x2  
  29  3:26  SCV  
  30  3:29  Barracks Tech Lab  
  30  3:30  Marine x2, Barracks Tech Lab  
  30  3:33  SCV  
  33  3:38  SCV  
  34  3:45  SCV  
  34  3:48  Marine x2  
  37  3:50  SCV  
  37  3:53  Stimpack, Factory  
  38  3:56  Combat Shield  
  38  3:57  SCV  
  39  4:10  Marine, SCV x2  
  39  4:11  Marine x3  
  45  4:22  SCV  
  46  4:25  SCV  
  46  4:28  Marine  
  45  4:31  Supply Depot  
  45  4:32  Supply Depot  
  44  4:46  Starport  
  44  4:49  Marine x2  
  44  4:51  Factory Reactor  
  46  4:53  Marine x2, SCV  
  46  4:54  SCV  
  46  4:59  Supply Depot  
  50  5:06  SCV  
  50  5:07  Marine x2  
  51  5:11  Marauder  
  55  5:14  Marine  
  56  5:21  Engineering Bay  
  56  5:24  Marine  
  57  5:32  Marine x2, Marauder  
  61  5:37  Factory Tech Lab  
  61  5:42  Marine  
  60  5:43  Supply Depot  
  60  5:45  Supply Depot  
  60  5:49  Marine  
  61  5:50  Marauder  
  61  5:53  Marine  
  66  5:57  SCV x2  
  66  6:00  Marine  
  68  6:05  Medivac x2  
  68  6:09  SCV x2  
  74  6:18  Supply Depot  
  74  6:20  Supply Depot  
  74  6:21  SCV x2  
  76  6:28  Marine x4  
  80  6:33  SCV x2  
  80  6:34  Concussive Shells  
  82  6:45  Marine, SCV x2  
  82  6:46  Marine  
  86  6:49  Marine x2  
  88  7:03  Marine  
  88  7:04  Marine  
  88  7:05  Terran Infantry Weapons Level 1  
  88  7:06  SCV  
  88  7:07  Marine, Marauder  
  95  7:08  SCV  
  95  7:10  Supply Depot  
  95  7:11  Supply Depot  
  95  7:21  Marine x2  
  97  7:25  Marauder  
  97  7:27  Medivac  
  101  7:30  Refinery  
  101  7:31  Refinery  
  101  7:32  Medivac, Marauder, Siege Tank, SCV x2  
  101  7:34  Supply Depot  
  101  7:35  Supply Depot  
  110  7:39  Marine  
  111  7:47  Missile Turret  
  111  7:52  Missile Turret  
  111  7:58  Command Center  
  111  8:00  Engineering Bay  
  111  8:03  Armory, Marine  
  111  8:04  Marine  
  113  8:08  SCV x2  
  115  8:20  SCV  
  115  8:26  SCV  
  117  8:31  Marine x2  
  117  8:32  Marine x2, SCV  
  122  8:35  Siege Tank  
  122  8:38  SCV  
  122  8:39  Medivac  
  128  8:49  Marine  
  128  8:50  Marauder x2  
  133  8:56  Marine  
  134  9:09  Marine  
  135  9:11  Marine x2  
  135  9:13  Marine  
  138  9:29  Marauder x2  
  111  9:42  SCV x2  
  111  9:43  Marine x2  
  102  9:48  Siege Tank  
  102  9:50  Marine x2  
  100  10:08  Marine x4  
  100  10:15  Barracks  
  100  10:16  Terran Infantry Weapons Level 2  
  100  10:17  Terran Infantry Armor Level 1, Barracks  
  100  10:18  Supply Depot  
  100  10:20  Siege Tank  
  103  10:21  Terran Vehicle Weapons Level 1  
  103  10:25  Marine  
  103  10:26  Marine x3  
  107  10:32  Orbital Command  
  107  10:33  SCV x2  
  109  10:42  Supply Depot  
  109  10:43  Marine  
  109  10:44  Marine, Marauder x2  
  109  10:45  SCV x2  
  117  10:52  Siege Tank  
  120  11:01  Marine x2  
  116  11:05  Marine x2  
  119  11:11  Barracks Tech Lab  
  119  11:12  Refinery  
  119  11:13  Barracks Tech Lab  
  119  11:14  Refinery  
  118  11:19  Marine x2  
  118  11:23  Marine x2  
  118  11:24  Siege Tank  
  117  11:28  Medivac x2  
  118  11:34  Marine x2  
  118  11:37  Marine x2  
  122  11:41  Marine x2  
  124  11:52  Marine  
  124  11:53  Marine  
  126  11:55  Marine x2  
  126  11:56  Siege Tank  
  126  11:58  Medivac, Marine x2  
  132  12:10  Marine x2  
  132  12:12  Marine  
  132  12:13  Marine  
  115  12:16  Marine x2  
  90  12:24  SCV x3  
  90  12:28  Marine x2, Siege Tank  
  98  12:30  Marine x2  
  98  12:32  Medivac x2  
  98  12:34  Marine x2  
  98  12:36  SCV x2  
  98  12:37  SCV  
  109  12:42  Factory  
  109  12:43  Factory  
  109  12:45  Terran Infantry Weapons Level 3, Terran Infantry Armor Level 2  
  109  12:46  Marine x2  
  109  12:48  Marine x2, SCV  
  114  12:52  Marine x2  
  114  12:53  Supply Depot  
  114  12:56  Supply Depot  
  116  13:02  Medivac  
  116  13:04  Marine x2  
  120  13:06  Marine x2  
  120  13:07  Command Center  
  120  13:10  Marine x2  
  124  13:17  Supply Depot  
  124  13:21  Marine, Supply Depot  
  124  13:22  Marine  
  124  13:24  Barracks  
  125  13:27  Barracks x2  
  125  13:28  Marauder x2  
  125  13:33  Factory Tech Lab x2  
  129  13:37  Sensor Tower  
  129  13:40  Marauder x2, Marine x2  
  135  13:49  Marine, Marauder  
  138  13:58  Marine x2  
  138  14:01  Marauder x2  
  138  14:02  SCV x3  
  147  14:07  Marauder  
  147  14:09  Liberator  
  152  14:11  Marauder  
  152  14:16  Marine x2  
  156  14:22  Marine x2  
  158  14:25  SCV x3  
  158  14:29  Command Center, Marauder  
  158  14:30  Terran Vehicle Weapons Level 2  
  163  14:32  Marauder  
  163  14:34  Supply Depot x2  
  163  14:37  Marine, SCV  
  167  14:40  Marauder  
  167  14:41  Marauder, Barracks Reactor  
  167  14:43  Barracks Reactor  
  171  14:49  Barracks Tech Lab  
  171  14:50  Marauder, Siege Tank x2  
  171  14:51  Siege Tank  
  182  15:13  Marine x2  
  182  15:14  Marine x3  
  160  15:22  Widow Mine  
  141  15:36  Marine x5  
  141  15:37  Marine x4  
  141  15:38  Marauder x2  
  154  15:43  Siege Tank  
  157  15:55  Marauder x3  
  163  15:59  Marauder  
  165  16:08  Marine x5  
  165  16:09  Marine x2  
  172  16:16  Marine x3  
  175  16:20  Marine  
  175  16:22  Planetary Fortress  
  173  16:26  Marine x4  
  177  16:38  Refinery  
  177  16:39  Marine x7, Refinery  
  182  16:43  Marine  
  182  16:44  Marine  
  186  16:59  Command Center  
  186  17:01  SCV  
  186  17:02  SCV x2  
  189  17:13  SCV  
  189  17:14  SCV  
  173  17:32  Medivac x2  
  173  17:35  Siege Tank x3  
  186  17:47  Marine x4  
  186  17:48  Marauder x3  
  196  18:02  Medivac x2  
  200  18:25  Barracks x2  
  200  18:31  Barracks  
  194  18:55  Marine x2  
  126  18:56  Marine x4  
  126  19:01  Planetary Fortress  
  112  19:13  Marine x2, Siege Tank x3  
  112  19:14  Marauder x2  
  112  19:15  Marauder x2  
  131  19:29  Barracks Tech Lab  
  131  19:30  Barracks Reactor  
  131  19:32  Barracks Reactor  
  131  19:34  Viking x2  
  135  19:45  Siege Tank x2  
  144  19:46  Siege Tank  
  134  20:04  Viking x2  
  134  20:06  Marine  
  134  20:07  Marine x5  
  143  20:17  Siege Tank  
  146  20:25  Marauder x4  
  146  20:28  Marine x2  
  154  20:34  Viking x2  
  160  20:46  Marine x3  
  160  20:47  Marauder x3  
  169  21:04  Marine x3, Viking x2  
  169  21:07  Marine x3  
  179  21:21  Marine  
  179  21:22  Marine, Marauder  
  179  21:25  Marine x3  
  186  21:39  Marine x2  
  187  21:43  Marine x4  
  192  21:48  Command Center, Viking x2  
  196  21:57  Marine x2  
  196  22:01  Marine x2  
  187  22:50  Marine x6  
  114  22:59  Viking x2  
  113  23:07  Marine  
  113  23:08  Marine x5  
  119  23:15  Missile Turret  
  119  23:17  Missile Turret  
  119  23:25  Marine x2  
  119  23:26  Marine x4  
  124  23:29  Viking x2  
  123  23:43  Marine x4  
  123  23:44  Marine x2  
  129  24:01  Marine x2  
  129  24:02  Marine x3  
  115  24:46  Orbital Command  
  113  25:04  Marine x6  
  114  25:21  Marine  
  114  25:22  Marine x5  
  114  25:24  Refinery x2  
  110  25:39  Marine x2  
  110  25:40  Marine x4  
  112  25:57  Marine x3  
  112  25:58  Marine x3  
  117  26:15  Marine x5  
  115  26:44  Marine  
  115  26:46  Marine x3  
  115  26:47  Marine x2  
  103  27:01  Marine  
  103  27:04  Marine x2  
  91  27:21  Marine x4  
  91  27:22  Marine x2  
  95  27:38  Marine x2  
  95  27:39  Marine x2  
  95  27:40  Marine x2  
  95  27:42  Siege Tank  
  95  27:43  Viking x2  
  108  27:51  Terran Infantry Armor Level 3  
  108  27:56  Marine x4  
  108  27:57  Marine  
  108  27:58  Marine  
  114  28:13  Viking x2  
  114  28:14  Marine x4, Siege Tank  
  114  28:15  Marine x2  
  127  28:27  Orbital Command  
  127  28:32  Marine x4  
  127  28:33  Marine x2  
  133  28:43  Viking x2  
  133  28:46  Siege Tank  
  140  28:50  Marine x4  
  140  28:51  Marine x2  
  130  29:07  Marine  
  130  29:08  Marine x3  
  130  29:09  Marine x2  
  118  29:13  Medivac x2  
  98  29:25  Marine x2  
  98  29:26  Marine x2, Marauder  
  98  29:27  Marine  
  105  29:43  Medivac x2, Marine x3  
  105  29:44  Marine  
  114  30:13  Medivac x2  
  117  30:27  Marine x2  
  117  30:28  Marine x4  
  123  30:46  Marauder  
  123  30:48  Marine x3  
Tags
 
Add a new tag
Caveats
  • Supply blocks, unpowered buildings, or Contaminate may cause inaccurate times.
  • Supply counts are checked every 10 seconds.